 Dungeon Crawl Stone Soup version 0.30-a0-39-g42789b21ef (webtiles) character file.

Game seed: 14015739018641003099

7058 nucleargodhead the Grappler (level 10, -6/166 HPs)
             Began as a Troll Berserker on Aug 28, 2022.
             Was a High Priest of Trog.
             Mangled by a two-headed ogre
             ... wielding a +3 dire flail
              (21 damage)
             ... on level 10 of the Dungeon.
             The game lasted 00:09:30 (7138 turns).

nucleargodhead the Grappler (Troll Berserker)       Turns: 7138, Time: 00:09:33

Health: -6/166     AC:  4    Str: 31    XL:     10   Next: 83%
Magic:  9/9        EV: 10    Int:  3    God:    Trog [*****.]
Gold:   495        SH:  0    Dex:  9    Spells: 9/9 levels left

rFire   . . .      SeeInvis .      - Unarmed
rCold   + . .      Faith    .    (no shield)
rNeg    . . .      Spirit   .    a - +0 animal skin
rPois   .          Reflect  .    (helmet restricted)
rElec   .          Harm     .    (no cloak)
rCorr   .          Rampage  .    (gloves unavailable)
Will    .....                    (boots unavailable)
Stlth   ..........               k - amulet of regeneration
HPRegen 1.97/turn                s - ring of protection from cold
MPRegen 0.11/turn                (no ring)

@: berserking, slowed
A: large, unfitting armour, claws 3, regeneration 1, shaggy fur 1, tough skin 1
a: Renounce Religion, Berserk, Trog's Hand, Brothers in Arms


You were on level 10 of the Dungeon.
You worshipped Trog.
Trog was extremely pleased with you.
You visited 1 branch of the dungeon, and saw 10 of its levels.
You also visited: Ossuary.

You collected 591 gold pieces.
You spent 96 gold pieces at shops.

Inventory:

Hand Weapons
 K - a +3 antimagic triple sword
 L - the +5 trident "Fexugu" {vorpal, rElec}
   (You found it on level 10 of the Dungeon)

   It inflicts extra damage upon your enemies.
   rElec:     It insulates you from electricity.
Missiles
 c - a throwing net (quivered)
Armour
 a - a +0 animal skin (worn)
Jewellery
 k - an amulet of regeneration (around neck)
 n - a ring of positive energy
 s - a ring of protection from cold (left claw)
 A - a ring of magical power
Wands
 B - a wand of iceblast (30)
 C - a wand of acid (17)
 H - a wand of flame (5)
 J - a wand of paralysis (7)
Scrolls
 b - a scroll of magic mapping
 f - 2 scrolls of butterflies
 h - 3 scrolls of blinking {unknown}
 i - a scroll of enchant armour {unknown}
 j - 2 scrolls of torment {unknown}
 l - 2 scrolls of fear
 t - a scroll of acquirement {unknown}
 v - 4 scrolls of poison {unknown}
 w - 2 scrolls of amnesia {unknown}
 x - a scroll of noise {unknown}
 y - 3 scrolls of immolation {unknown}
 D - 8 scrolls of teleportation {unknown}
 F - 2 scrolls of brand weapon {unknown}
 I - a scroll of identify
Potions
 d - a potion of invisibility {unknown}
 e - 2 potions of haste
 g - 2 potions of brilliance {unknown}
 m - 3 potions of lignification
 o - 3 potions of degeneration
 p - a potion of mutation {unknown}
 q - 4 potions of curing
 r - 2 potions of heal wounds
 u - 4 potions of might
 z - 3 potions of attraction
 E - a potion of magic {unknown}
 G - 3 potions of flight {unknown}


   Skills:
 + Level 10.3 Fighting
 - Level 2.4 Dodging
 + Level 12.2 Unarmed Combat


You had 9 spell levels left.
You didn't know any spells.
Your spell library was empty.

Dungeon Overview and Level Annotations

Branches:
Dungeon (10/15)            Temple (0/1) D:7            Lair (0/5) D:8
    Orc (0/2) D:10        Ossuary (visited)

Altars:
Cheibriados
Fedhas
Gozag
Hepliaklqana
Kikubaaqudgha
Makhleb
Okawaru
Ru
Sif Muna
Trog
Wu Jian
Yredelemnul
Zin
The Shining One

Shops:
D:3 !

Annotations:
D:9 3 runed translucent doors, baller8008's ghost, novice PaFi


Innate Abilities, Weirdness & Mutations

You are too large for most types of armour.
You have claws for hands.
Your natural rate of healing is unusually fast.
You are covered in fur. (AC +1)
You have tough skin. (AC +1)


Message History

The vampire mosquito draws strength from your injuries!
The vampire mosquito barely misses you.
The vampire hits you but does no damage.
The vampire barely misses you. The vampire mosquito bites you!
The vampire mosquito draws strength from your injuries!
The vampire closely misses you. The vampire bites you!
The vampire draws strength from your injuries!
You claw the vampire mosquito!
The vampire mosquito is moderately damaged.
The vampire mosquito bites you.
The vampire mosquito draws strength from your injuries!
You closely miss the vampire mosquito.
The vampire mosquito is moderately damaged.
The vampire mosquito bites you.
* * * LOW HITPOINT WARNING * * *
The vampire mosquito draws strength from your injuries!
The vampire casts a spell.
The vampire flickers and vanishes!
Deactivating autopickup; reactivate with Ctrl-A.
The vampire mosquito closely misses you.
You mangle the vampire mosquito!!
You destroy the vampire mosquito!
Trog accepts your kill. Something hits you!
* * * LOW HITPOINT WARNING * * *
Something bites you but does no damage. Something hits you.
* * * LOW HITPOINT WARNING * * *
Something bites you!
* * * LOW HITPOINT WARNING * * *
Something draws strength from your injuries!
The two-headed ogre closely misses you. x2
You see here a vampire mosquito corpse.
You mangle something!! Something hits you!
* * * LOW HITPOINT WARNING * * *
Something bites you.
* * * LOW HITPOINT WARNING * * *
Something draws strength from your injuries!
The two-headed ogre hits you with a +3 dire flail!!
You die...

*,,*########.##.#**** *
*,,,#...$Ol..#*##,,,* *
*,,*#####.##.# *,*,* *
*,,,*,~=.,#.O#***,*,**** *
*,,**,##**##.#,,,,*,,>,****
*,,,+,,,,,#..#,*******,,,,,
*,,***#*####.#,,,,,,,,,****
*,..#.#.#.#..#.##.,,*****,,
*,........@O.......,,**,>*,
*,.#..#######......,,,,,,**
**,,,,* *.##...,,**,,*,
****,* *.#**..,***,*,*
*,*******.#***.****,*,*
*,*,,,,,,..,,,,,,**,*,*
*,*,~~~~~~~~~~~~,**,,,*
*,*,~,,,,,,,,,,~,**,***
*,,,~,~~~~~~~~,~,**,*


You could see a two-headed ogre.

Vanquished Creatures
  An ugly thing (D:8)
  The ghost of ytrimaz the Changer, a novice OpTm (D:4)
  Sigmund (D:6)
  A wyvern (D:7)
  A yak (D:8)
  3 steam dragons
  A vampire mosquito (D:10)
  A floating eye (D:10)
  3 orc warriors
  2 sky beasts (D:7)
  3 ice beasts
  2 centaurs
  3 bullfrogs
  2 kobold brigands (D:8)
  3 scorpions
  A necrophage (D:5)
  14 wights
  6 killer bees
  A howler monkey (D:9)
  A crimson imp (D:8)
  3 hounds
  A jelly (D:5)
  2 gnoll boudas
  3 orc priests
  An iguana (D:7)
  An orc wizard (D:5)
  13 mummies
  9 gnolls
  7 adders
  A white imp (D:7)
  A worm (D:2)
  2 dart slugs
  46 orcs
  2 ball pythons
  12 endoplasms
  3 giant cockroaches (D:4)
  4 goblins
  8 hobgoblins
  16 jackals
  4 quokkas
  7 bats
  5 frilled lizards
  A gnoll skeleton (Ossuary)
  12 kobolds
  4 kobold skeletons (Ossuary)
  3 orc skeletons (Ossuary)
  5 rats
  11 rat skeletons (Ossuary)
238 creatures vanquished.

Vanquished Creatures (collateral kills)
  A two-headed ogre (D:10)
  A komodo dragon (D:10)
  2 hornets (D:10)
  A slime creature (D:10)
  2 yaks (D:10)
  An orc warrior (D:10)
  A kobold brigand (D:10)
  7 orcs (D:10)
16 creatures vanquished.

Vanquished Creatures (others)
  A troll (D:9)
  A slime creature (D:9)
  8 fungi
  2 plants (D:6)
12 creatures vanquished.

Grand Total: 266 creatures vanquished

Notes
Turn   | Place    | Note
-------+----------+-------------------------------------------
     0 | D:1      | nucleargodhead the Troll Berserker began the quest for the
                  | Orb.
     0 | D:1      | Reached XP level 1. HP: 22/22 MP: 0/0
    34 | D:1      | Found a faded altar of an unknown god.
   182 | D:1      | Reached XP level 2. HP: 25/29 MP: 1/1
   812 | D:2      | Reached XP level 3. HP: 36/37 MP: 2/2
   912 | D:2      | Reached ** piety under Trog
  1325 | D:2      | Identified the +4 plate armour of Rivaluqe {Rampage Stlth+}
  1355 | D:2      | Reached skill level 4 in Unarmed Combat
  1589 | D:3      | Reached XP level 4. HP: 37/45 MP: 3/3
  1729 | D:3      | Found Memeukhu's Distillery.
  1741 | D:3      | Bought a potion of curing for 36 gold pieces
  1741 | D:3      | Bought a potion of heal wounds for 60 gold pieces
  2073 | D:4      | Noticed ytrimaz's ghost (novice OpTm)
  2075 | D:4      | Found a runed translucent gate.
  2075 | D:4      | Found a runed translucent gate.
  2075 | D:4      | Found a runed translucent gate.
  2079 | D:4      | Noticed an ice beast
  2250 | D:4      | Reached *** piety under Trog
  2791 | D:4      | Killed an ice beast
  2792 | D:4      | Reached skill level 5 in Unarmed Combat
  2792 | D:4      | Reached XP level 5. HP: 54/54 MP: 4/4
  2802 | D:4      | Killed ytrimaz's ghost
  2803 | D:4      | Reached skill level 5 in Fighting
  2803 | D:4      | Reached skill level 6 in Unarmed Combat
  2803 | D:4      | Reached XP level 6. HP: 52/66 MP: 5/5
  2803 | D:4      | Reached XP level 7. HP: 57/72 MP: 6/6
  2850 | D:5      | Entered Level 5 of the Dungeon
  3060 | D:5      | Found a snail-covered altar of Cheibriados.
  3061 | D:5      | Found a sacrificial altar of Ru.
  3061 | D:5      | Found a shimmering blue altar of Sif Muna.
  3248 | D:5      | Reached skill level 7 in Unarmed Combat
  3542 | D:5      | Reached XP level 8. HP: 81/83 MP: 7/7
  3778 | D:6      | Found a basalt altar of Yredelemnul.
  3789 | D:6      | Noticed Sigmund
  3799 | D:6      | Killed Sigmund
  3800 | D:6      | Reached skill level 8 in Unarmed Combat
  3970 | D:6      | Found a blossoming altar of Fedhas.
  4081 | D:7      | Found a staircase to the Ecumenical Temple.
  4122 | D:7      | Found a sand-covered staircase.
  4130 | Ossuary  | Entered an ossuary
  4200 | Ossuary  | Reached **** piety under Trog
  4427 | D:7      | Reached XP level 9. HP: 89/93 MP: 8/8
  4616 | D:7      | Reached skill level 9 in Unarmed Combat
  5099 | D:8      | Reached ***** piety under Trog
  5179 | D:8      | Noticed a green ugly thing
  5186 | D:8      | Killed a green ugly thing
  5187 | D:8      | Reached skill level 10 in Unarmed Combat
  5198 | D:8      | Found an iron altar of Okawaru.
  5634 | D:8      | Found a staircase to the Lair.
  5907 | D:8      | Found a hazy altar of Hepliaklqana.
  5907 | D:8      | Found a glowing silver altar of Zin.
  5907 | D:8      | Found a glowing golden altar of the Shining One.
  5907 | D:8      | Found an ancient bone altar of Kikubaaqudgha.
  5914 | D:8      | Found an ornate altar of the Wu Jian Council.
  5919 | D:8      | Found a bloodstained altar of Trog.
  6028 | D:8      | Found a burning altar of Makhleb.
  6078 | D:8      | Reached XP level 10. HP: 93/107 MP: 9/9
  6575 | D:9      | Reached skill level 11 in Unarmed Combat
  6607 | D:9      | Found a runed translucent gate.
  6607 | D:9      | Found a runed translucent gate.
  6607 | D:9      | Found a runed translucent gate.
  6609 | D:9      | Found an opulent altar of Gozag.
  6611 | D:9      | Noticed baller8008's ghost (novice PaFi)
  6730 | D:9      | Received a gift from Trog
  7066 | D:10     | Entered Level 10 of the Dungeon
  7099 | D:10     | Identified the +5 trident "Fexugu" {vorpal, rElec}
  7101 | D:10     | Noticed a two-headed ogre
  7107 | D:10     | Killed a two-headed ogre
  7108 | D:10     | Reached skill level 10 in Fighting
  7115 | D:10     | Paralysed by a hornet for 2 turns
  7117 | D:10     | Noticed a two-headed ogre
  7122 | D:10     | Paralysed by a hornet for 2 turns
  7127 | D:10     | Reached skill level 12 in Unarmed Combat
  7138 | D:10     | Mangled by a two-headed ogre

Illustrated notes

Levels and vault maps discovered:
D:1:      heliophobic_arrival_ceremonial_halls, layout_basic,
          ebering_ecumenical_altar_webs
D:2:      layout_loops_corners, minmay_box_of_dots
D:3:      layout_basic, serial_shops, nicolae_shop_crystal
D:4:      layout_loops_ring, serial_rivers, chequers_serial_rivers_large_b,
          chequers_serial_rivers_micro_b, chequers_serial_rivers_small_b,
          chequers_serial_rivers_small_3, chequers_serial_rivers_micro_b,
          chequers_serial_rivers_micro_e, gammafunk_ghost_split
D:5:      layout_basic, gammafunk_temple_overflow_claw
D:6:      layout_cave_pools, mainiacjoe_overflow_chevrons, kennysheep_mini,
          dreamdust_wishing_well, grunt_decor_mini_mirrors, uniq_sigmund
D:7:      layout_loops_cross, minmay_temple_entry_statues_fountains,
          gup_ossuary_entry_pyramid
D:8:      layout_layer_cave, overflow_temple_1_default,
          minmay_overflow_temple_hex, makhleb_grotto_becter,
          grunt_lair_entry_orc_guard_hut
D:9:      layout_layer_cave, special_room [special_room_orc],
          ebering_ghost_gozag, minmay_misc_feat_pillars
D:10:     nzn_winding_woodlands_medium [nzn_winding_woodlands_5x5_three,
          nzn_winding_woodlands_5x15_zeroes,
          nzn_winding_woodlands_5x5_perimeter, nzn_winding_woodlands_hourglass,
          nzn_winding_woodlands_center_triple_pond,
          nzn_winding_woodlands_5x5_checkerboard,
          nzn_winding_woodlands_5x5_cross,
          nzn_winding_woodlands_5x15_lazy_stream,
          nzn_winding_woodlands_5x5_default], layout_loops_ring,
          hiddenorc1_lemuel, serial_shops, nicolae_inconvenience_store,
          enter_bailey_4, onia_ninara_cookie, uniq_erica

Skill      XL: |  1  2  3  4  5  6  7  8  9 10 |
---------------+-------------------------------+-----
Fighting       | 3 4 5 6 7 9 10 | 10.3
Unarmed Combat | 4 5 6 7 8 10 12 | 12.2
Dodging        | |  2.4

Action                   |  1- 3 |  4- 6 |  7- 9 | 10-12 || total
-------------------------+-------+-------+-------+-------++-------
Melee: Unarmed           |   128 |    67 |   288 |   114 ||   597
       Punch             |     1 |       |    13 |     3 ||    17
Invok: Berserk           |       |     1 |     2 |     3 ||     6
       Brothers in Arms  |       |       |       |     2 ||     2
  Use: Scroll            |       |       |     8 |     1 ||     9
 Stab: Sleeping          |     1 |       |       |       ||     1
Armor: Animal skin       |    45 |    21 |    45 |    30 ||   141
Dodge: Dodged            |    67 |    34 |   106 |    84 ||   291

Table legend: (Time is in decaauts)
 A = Elapsed time spent in this place.
 B = Non-inter-level travel time spent in this place.
 C = Inter-level travel time spent in this place.
 D = Time resting spent in this place.
 E = Time spent auto-exploring this place.
 F = Levels seen in this place.
 G = Mean time per level.
                   A        B        C        D        E       F      G
               +--------+--------+--------+--------+--------+-----+--------+
         Total |   7133 |   6926 |    207 |    318 |   5390 |  11 |  648.5 |
       Dungeon |   6868 |   6661 |    207 |    318 |   5235 |  10 |  686.8 |
       Ossuary |    264 |    264 |      0 |      0 |    155 |   1 |  264.0 |
               +--------+--------+--------+--------+--------+-----+--------+

Top non-repeatable levels by time:
     D:8: 1187 daAuts
     D:4: 898 daAuts
     D:2: 809 daAuts
     D:9: 791 daAuts
     D:5: 740 daAuts
     D:1: 719 daAuts
     D:7: 713 daAuts
     D:6: 484 daAuts
     D:3: 450 daAuts
 Ossuary: 264 daAuts
    D:10: 74 daAuts
